Map: Year Zero LE

Players

Temper - Winner!

  • Race: Zerg Zerg
  • League: Master
  • Spawn Location: 11:00

nagrodus

  • Race: Zerg Zerg
  • League: Master
  • Spawn Location: 1:00

VOD

Have the link to the VOD?

Description

Time

  • Played on: Feb. 8, 2019, 2:26 p.m.
  • Length: 7:35
Show
View Real Time Build Order
Export as new Build Order

Temper Zerg - Winner!

Build Orders: Hatch First 

Get SALT Encoding   

  12  0:01  Drone  
  13  0:13  Overlord  
  13  0:23  Drone  
  14  0:37  Drone x2  
  14  0:38  Drone  
  17  0:54  Hatchery  
  16  0:57  Drone  
  17  1:12  Spawning Pool  
  17  1:14  Drone  
  17  1:17  Drone  
  18  1:22  Drone  
  19  1:35  Overlord  
  19  1:42  Drone  
  20  1:58  Queen  
  20  1:59  Zergling x2  
  23  2:05  Drone, Queen  
  26  2:10  Drone  
  27  2:18  Drone x2  
  29  2:26  Drone  
  30  2:37  Queen  
  30  2:40  Drone x3  
  35  2:47  Overlord  
  35  2:53  Queen  
  35  2:54  Roach Warren  
  35  2:55  Evolution Chamber  
  35  2:58  Extractor, Drone x2  
  36  3:00  Extractor  
  36  3:03  Evolution Chamber  
  33  3:08  Drone x2  
  35  3:18  Queen  
  35  3:19  Drone x3  
  40  3:20  Drone  
  40  3:24  Drone  
  42  3:34  Overlord  
  42  3:35  Drone x2  
  42  3:37  Overlord  
  44  3:44  Extractor  
  44  3:45  Drone  
  44  3:46  Extractor, Drone  
  44  3:54  Lair, Drone  
  44  3:55  Drone  
  46  3:57  Drone  
  46  4:00  Drone  
  46  4:01  Drone  
  49  4:03  Drone  
  49  4:05  Drone  
  49  4:07  Drone  
  49  4:09  Drone  
  53  4:13  Zerg Missile Weapons Level 1  
  53  4:25  Zerg Ground Armor Level 1  
  53  4:33  Overlord  
  53  4:35  Drone  
  53  4:36  Drone, Roach  
  53  4:37  Roach  
  59  4:45  Overlord  
  59  4:51  Roach x2  
  59  4:52  Glial Reconstitution, Roach x2  
  67  4:56  Overlord  
  67  5:08  Roach x4  
  67  5:10  Overlord x2  
  75  5:24  Overlord  
  75  5:25  Overlord  
  75  5:42  Roach  
  85  5:43  Roach x6  
  89  5:51  Roach  
  89  5:52  Roach x2  
  95  5:59  Hatchery  
  95  6:02  Roach x3  
  100  6:07  Roach  
  102  6:14  Roach x2  
  102  6:15  Overseer  
  102  6:16  Overseer  
  106  6:38  Roach  
  106  6:39  Roach  
  104  6:48  Overlord  
  104  6:52  Roach x6  
  106  6:59  Roach  
  104  7:04  Roach  
  104  7:09  Roach  
  104  7:13  Drone x2  
Show
View Real Time Build Order
Export as new Build Order

nagrodus Zerg 

Build Orders: Hatch First 

Get SALT Encoding   

  12  0:00  Drone  
  13  0:13  Overlord  
  13  0:18  Drone  
  14  0:31  Drone x2  
  16  0:37  Drone  
  17  0:53  Hatchery  
  17  0:56  Drone  
  17  1:01  Drone  
  18  1:10  Extractor  
  17  1:16  Spawning Pool  
  16  1:20  Drone  
  16  1:22  Drone  
  18  1:35  Drone  
  19  1:43  Overlord  
  19  1:58  Drone  
  20  2:02  Queen  
  20  2:03  Drone  
  20  2:05  Queen  
  20  2:07  Zergling x2  
  26  2:13  Metabolic Boost  
  26  2:15  Drone  
  27  2:18  Drone  
  28  2:25  Drone  
  28  2:29  Drone  
  30  2:38  Drone x2  
  32  2:45  Baneling Nest  
  31  2:51  Hatchery  
  31  2:56  Drone  
  31  2:57  Overlord  
  31  3:00  Drone  
  31  3:02  Drone  
  33  3:11  Drone x3  
  36  3:19  Extractor, Zergling x2  
  36  3:20  Extractor  
  36  3:24  Drone x4  
  36  3:26  Drone  
  40  3:36  Overlord  
  40  3:45  Roach Warren  
  39  3:53  Spine Crawler  
  38  3:58  Drone x3  
  38  4:02  Evolution Chamber  
  40  4:03  Queen  
  40  4:05  Drone x3  
  45  4:26  Roach x2  
  45  4:27  Roach x2  
  45  4:29  Drone, Zerg Missile Weapons Level 1  
  45  4:30  Drone x2  
  56  4:33  Overlord  
  56  4:56  Lair  
  56  4:58  Drone x2  
  58  5:02  Overlord x2  
  58  5:17  Overlord x2  
  58  5:19  Queen  
  58  5:20  Queen  
  62  5:26  Drone x5  
  62  5:27  Drone x6  
  73  5:37  Overlord  
  73  5:43  Overlord  
  73  5:45  Drone x5  
  73  5:47  Extractor, Roach  
  73  5:48  Roach  
  81  5:51  Extractor  
  81  5:53  Glial Reconstitution  
  81  5:55  Roach  
  82  5:59  Overlord  
  81  6:05  Roach x5  
  91  6:12  Roach x2  
  91  6:13  Roach  
  91  6:18  Roach x3  
  103  6:21  Roach  
  103  6:22  Overseer  
  101  6:37  Roach x3  
  101  6:38  Overlord  
  99  6:49  Roach  
  99  6:50  Roach x5  
  99  6:54  Roach  
  99  6:55  Roach x3  
  92  7:06  Roach  
  90  7:10  Roach x2  
Tags
 
Add a new tag
Caveats
  • Supply blocks, unpowered buildings, or Contaminate may cause inaccurate times.
  • Supply counts are checked every 10 seconds.